 Dungeon Crawl Stone Soup version 0.29.1-2-gbd0b4ee654 (webtiles) character file.

Game seed: 12195570969780908835

86 xian the Trooper (level 4, 0/37 HPs)
             Began as a Demonspawn Abyssal Knight on Nov 16, 2022.
             Was a Believer of Lugonu.
             Slain by Grinder (8 damage)
             ... on level 4 of the Dungeon.
             The game lasted 00:06:16 (2540 turns).

xian the Trooper (Demonspawn Abyssal Knight)        Turns: 2540, Time: 00:06:19

Health: 0/37       AC:  7    Str: 15    XL:     4   Next: 26%
Magic:  6/6        EV: 11    Int: 11    God:    Lugonu [**....]
Gold:   213        SH:  6    Dex: 14    Spells: 3/3 levels left

rFire   + . .      SeeInvis .   a - +1 short sword
rCold   . . .      Faith    .   (no shield)
rNeg    + . .      Spirit   .   q - +3 leather armour
rPois   .          Reflect  .   (helmet restricted)
rElec   .          Harm     .   (no cloak)
rCorr   .          Rampage  .   (no gloves)
Will    .....                   b - +0 pair of boots
Stlth   +.........              (no amulet)
HPRegen 0.12/turn               c - ring of positive energy
MPRegen 0.10/turn               e - ring of protection from fire

@: invisible
A: horns 1, large bone plates 2
a: Renounce Religion, Depart the Abyss, Bend Space


You were on level 4 of the Dungeon.
You worshipped Lugonu.
Lugonu was pleased with you.
You visited 1 branch of the dungeon, and saw 4 of its levels.
You visited the Abyss 1 time.

You collected 213 gold pieces.

Inventory:

Hand Weapons
 a - a +1 short sword (weapon)
Missiles
 g - 4 boomerangs (quivered)
Armour
 b - a +0 pair of boots (worn)
 q - a +3 leather armour (worn)
Jewellery
 c - a ring of positive energy (left hand)
 e - a ring of protection from fire (right hand)
Scrolls
 h - 2 scrolls of amnesia {unknown}
 j - a scroll of enchant weapon {unknown}
 k - a scroll of vulnerability
 m - a scroll of enchant armour
 o - a scroll of fear
 p - 4 scrolls of teleportation {unknown}
 t - a scroll of immolation {unknown}
Potions
 d - 2 potions of curing {unknown}
 f - a potion of flight {unknown}
 i - 2 potions of invisibility
 l - a potion of heal wounds {unknown}
 n - a potion of ambrosia {unknown}
 r - a potion of degeneration {unknown}
 s - a potion of attraction {unknown}
 u - a potion of cancellation {unknown}
 v - a potion of lignification {unknown}


   Skills:
 + Level 3.7 Fighting
 + Level 2.4 Short Blades
 + Level 0.6 Throwing
 + Level 2.2 Armour
 + Level 1.2 Dodging
 + Level 0.2 Shields
 * Level 3.3 Invocations


You had 3 spell levels left.
You didn't know any spells.
Your spell library contained the following spells:

 Spells                   Type           Power      Damage    Failure   Level
 Foxfire                  Conj/Fire      0%         2x1d4     41%         1
 Conjure Flame            Conj/Fire      0%         6-21      78%         3
 Inner Flame              Hex/Fire       0%         N/A       78%         3
 Flame Wave               Conj/Fire      0%         2d4       99%         4


Dungeon Overview and Level Annotations

Branches:
Dungeon (4/15)
 Temple: D:4-7

Altars:

Annotations:
D:4 Grinder


Innate Abilities, Weirdness & Mutations

You have a pair of small horns on your head.
You are mostly covered in large bone plates. (SH +6)


Message History

The quokka bites you but does no damage.
The quokka attacks as you move away! The quokka bites you.
Grinder hits you but does no damage.
You barely miss Grinder.
Grinder is lightly wounded.
Grinder hits you.
You writhe in agony.
The quokka bites you.
You hit Grinder.
Grinder is moderately wounded.
Grinder hits you but does no damage. The quokka closely misses you.
You closely miss Grinder. You headbutt Grinder.
Grinder is moderately wounded.
The quokka bites you but does no damage.
Grinder gestures at you. You resist with significant effort.
The quokka bites you but does no damage.
You hit Grinder.
Grinder is heavily wounded.
Grinder says, "Mostly I couldn't keep them alive."
Grinder misses you. You block the quokka's attack.
You closely miss Grinder.
Grinder is heavily wounded.
Grinder gestures at you. Pain shoots through your body!
You block the quokka's attack.
You hit Grinder. You punch Grinder.
Grinder is severely wounded.
Grinder gestures at you. Pain shoots through your body!
* * * LOW HITPOINT WARNING * * *
The quokka bites you.
* * * LOW HITPOINT WARNING * * *
It was a potion of invisibility.
You fade into invisibility!
Grinder closely misses you. The quokka misses you.
You catch the helpless Grinder completely off-guard!
You hit Grinder. You headbutt Grinder!
Grinder is almost dead.
The quokka closely misses you.
Grinder says, "I used to sell toenails on the black market."
Grinder hits you!
You die...

### ## #.. .. #.# #. ####
#.# #. .....
#########.######. .....
................. ....?
########.........
####..##########.#.##.##.
.......r@5......)#.##.##.
###.##.########.#.##....
#.########.#.##.##.
#..........#.##.##.
############.##....
#....###


You could see Grinder (unable to see you) and a quokka (unable to see you).

Vanquished Creatures
  3 adders
  2 ball pythons (D:1)
  5 endoplasms
  3 goblins
  12 hobgoblins
  4 jackals (D:2)
  4 kobolds
  A quokka (D:2)
  11 bats
  A frilled lizard (D:2)
  5 rats
  A toadstool (D:2)
52 creatures vanquished.

Vanquished Creatures (others)
  3 toadstools (D:2)
3 creatures vanquished.

Grand Total: 55 creatures vanquished

Notes
Turn   | Place    | Note
-------+----------+-------------------------------------------
     0 | Abyss:1  | xian the Demonspawn Abyssal Knight began the quest for the
                  | Orb.
     0 | Abyss:1  | Reached XP level 1. HP: 18/18 MP: 2/2
    66 | Abyss:2  | Noticed a quasit
    67 | D:1      | Escaped the Abyss
   136 | D:1      | Reached ** piety under Lugonu
   296 | D:1      | Found a faded altar of an unknown god.
   307 | D:1      | Gained mutation: You are partially covered in large bone
                  | plates. (SH +4) [demonic ancestry]
   307 | D:1      | Reached XP level 2. HP: 24/24 MP: 4/4
   497 | D:1      | Reached skill level 1 in Dodging
  1036 | D:2      | Gained mutation: You have a pair of small horns on your
                  | head. [demonic ancestry]
  1036 | D:2      | Reached XP level 3. HP: 24/29 MP: 5/5
  1936 | D:3      | Gained mutation: You are mostly covered in large bone
                  | plates. (SH +6) [demonic ancestry]
  1936 | D:3      | Reached XP level 4. HP: 35/37 MP: 6/6
  2521 | D:4      | Noticed Grinder
  2540 | D:4      | Slain by Grinder

Illustrated notes

Levels and vault maps discovered:
D:1:      dpeg_arrival_rhombi, layout_rooms, basic_ecumenical_altar
D:2:      layout_basic, minmay_gold_behind_fungi
D:3:      layout_basic
D:4:      layout_loops_ring, kennysheep_generic_room_9, uniq_grinder

Skill      XL: |  1  2  3 |
---------------+----------+-----
Armour         | 2 |  2.2
Dodging        | 1 |  1.2
Short Blades   | 2 |  2.4
Invocations    | 3 |  3.3
Fighting       | |  3.7
Throwing       | |  0.6
Shields        | |  0.2

Action                   |  1- 3 |  4- 6 || total
-------------------------+-------+-------++-------
Melee: Short sword       |   147 |    52 ||   199
       Punch             |     3 |     1 ||     4
       Headbutt          |    15 |    12 ||    27
Throw: Boomerang         |    33 |     4 ||    37
Invok: Depart the Abyss  |     1 |       ||     1
  Use: Scroll            |       |     3 ||     3
       Potion            |       |     1 ||     1
 Stab: Invisible         |       |     1 ||     1
Armor: Scale mail        |    50 |       ||    50
       Leather armour    |    16 |    19 ||    35
Dodge: Dodged            |    85 |    30 ||   115
Block: Other             |    16 |    16 ||    32
